 Dungeon Crawl Stone Soup version 0.29.1-2-gbd0b4ee654 (webtiles) character file.

Game seed: 14220364106661843938

571 Icepheonix32 the Reanimator (level 7, -2/54 HPs)
             Began as a Deep Elf Necromancer on Oct 31, 2022.
             Slain by a scorpion (7 damage)
             ... on level 5 of the Dungeon.
             The game lasted 00:11:54 (4837 turns).

Icepheonix32 the Reanimator (Deep Elf Necromancer)  Turns: 4837, Time: 00:11:55

Health: -2/54      AC:  3    Str:  5    XL:     7   Next: 12%
Magic:  5/13       EV: 13    Int: 22    God:
Gold:   207        SH:  0    Dex: 21    Spells: 4/12 levels left

rFire   . . .      SeeInvis .   q - +7 long sword "Wakiuwul" {vorpal, *Rage rPois Dex+6}
rCold   . . .      Faith    .   (no shield)
rNeg    . . .      Spirit   .   a - +0 robe
rPois   +          Reflect  .   l - +0 helmet
rElec   .          Harm     .   (no cloak)
rCorr   +          Rampage  .   (no gloves)
Will    .....      Rage     20% (no boots)
Stlth   ..........              (no amulet)
HPRegen 0.18/turn               n - ring of resist corrosion
MPRegen 0.13/turn               (no ring)

@: berserking, animating dead, very quick
A: no striking features
a: no special abilities


You were on level 5 of the Dungeon.
You visited 1 branch of the dungeon, and saw 5 of its levels.

You collected 279 gold pieces.
You spent 72 gold pieces at shops.

Inventory:

Hand Weapons
 b - a +0 short sword
 d - a +0 halberd
 i - a +0 dagger of pain
 k - the +3 spear of the Desert {drain, rElec Dex+3}
   (You took it off an orc on level 3 of the Dungeon)

   A truly terrible weapon, it drains the life of any living foe it strikes.
   Dex:       It affects your dexterity (+3).
   rElec:     It insulates you from electricity.
 q - the +7 long sword "Wakiuwul" (weapon) {vorpal, *Rage rPois Dex+6}
   (You took it off a kobold on level 4 of the Dungeon)

   It inflicts extra damage upon your enemies.
   Dex:       It affects your dexterity (+6).
   rPois:     It protects you from poison.
   *Rage:     It berserks you when you make melee attacks (+20% chance).
Armour
 a - a +0 robe (worn)
 e - a +2 ring mail of positive energy
 l - a +0 helmet (worn)
Jewellery
 n - a ring of resist corrosion (left hand)
Scrolls
 c - 3 scrolls of identify
 f - a scroll of teleportation
 g - a scroll of immolation
 p - a scroll of amnesia {unknown}
 r - a scroll of enchant armour {unknown}
Potions
 h - 5 potions of curing
 j - a potion of berserk rage
 m - a potion of mutation {unknown}
 o - a potion of ambrosia {unknown}


   Skills:
 - Level 1.3 Armour
 - Level 2.4 Dodging
 - Level 2.4 Stealth
 - Level 3.0 Spellcasting
 + Level 10.1 Necromancy


You had 4 spell levels left.
You knew the following spells:

 Your Spells              Type           Power      Damage    Failure   Level
a - Necrotise             Necr           100%       1d9       1%          1
b - Vampiric Draining     Necr           47%        2d9       1%          3
c - Animate Dead          Necr           47%        N/A       1%          4

Your spell library contained the following spells:

 Spells                   Type           Power      Damage    Failure   Level
 Sting                    Tmut/Pois      12%        1d3       12%         1
 Poisonous Vapours        Pois/Air       6%         N/A       19%         2
 Ozocubu's Armour         Ice            3%         N/A       36%         3
 Olgreb's Toxic Radiance  Pois           3%         N/A       77%         4
 Agony                    Necr           47%        N/A       5%          5
 Ozocubu's Refrigeration  Ice            1%         4d7       100%        7


Dungeon Overview and Level Annotations

Branches:
Dungeon (5/15)
 Temple: D:4-7

Altars:
Cheibriados
Ru
Wu Jian
Zin

Shops:
D:1 ?   D:2 :


Message History

A scorpion comes into view.
The black bear barely resists.
A quokka comes into view.
The black bear closely misses you. x2; The black bear claws you.
The black bear writhes in agony!
The black bear barely misses you. The black bear completely misses you.
The black bear closely misses you.
Casting: Necrotise (safe; 1% risk of failure)
Confirm with . or Enter, or press ? or * to list all spells.
The spell is quite dangerous to miscast (2% risk of failure)!
Continue anyway?
You call upon the dead to rise.
The black bear closely misses you. The black bear claws you.
The black bear misses you.
You slash the black bear!
The black bear is almost dead.
The black bear goes berserk!
You hit the black bear.
The black bear is almost dead.
The black bear closely misses you.
The black bear claws you but does no damage.
The black bear claws you. The black bear bites you!
The black bear completely misses you. The black bear claws you.
You barely miss the black bear.
The black bear is almost dead.
The black bear bites you. The black bear claws you.
* * * LOW HITPOINT WARNING * * *
The black bear closely misses you. The black bear barely misses you. x2
The black bear claws you.
* * * LOW HITPOINT WARNING * * *
You hit the black bear.
You kill the black bear!
The dead are walking!
Your Necromancy skill increases to level 10!
You have reached level 7!
Unknown command.
A red film seems to cover your vision as you go berserk!
You feel yourself moving faster!
You feel mighty!
You slice the quokka!!
You kill the quokka!
The dead are hopping!
The scorpion misses you.
Unknown command.
You barely miss the scorpion. The scorpion stings you!
You die...

#.....####
#.........
#......... ##+##
###....... ##...##
#....... .Z⌠..
##....... ..Z
##'....... #s#
#.#....... #@##
#.#.......
#..######.########
#.........# #.
#.###############.
#.# ........ #.#
########. #+#
#........
#.#....#.
#....#.#.


You could see a scorpion (ally target), a friendly quokka zombie and a friendly
black bear zombie.

Vanquished Creatures
  A black bear (D:5)
  A scorpion (D:4)
  2 hounds
  An iguana (D:5)
  2 orc wizards (D:3)
  Natasha (thrice) (D:2)
  A mummy (D:3)
  6 gnolls
  4 adders
  A worm (D:4)
  5 dart slugs
  4 orcs (D:3)
  6 ball pythons
  7 endoplasms
  2 giant cockroaches
  7 goblins
  8 hobgoblins
  4 jackals
  9 kobolds
  7 quokkas
  3 bats (D:1)
  10 frilled lizards
  2 rats (D:3)
96 creatures vanquished.

Vanquished Creatures (collateral kills)
  An endoplasm (D:1)
  A ball python (D:1)
  A frilled lizard (D:1)
  A rat (D:1)
4 creatures vanquished.

Vanquished Creatures (others)
  A gnoll zombie (D:2)
1 creature vanquished.

Grand Total: 101 creatures vanquished

Notes
Turn   | Place    | Note
-------+----------+-------------------------------------------
     0 | D:1      | Icepheonix32 the Deep Elf Necromancer began the quest for
                  | the Orb.
     0 | D:1      | Reached XP level 1. HP: 10/10 MP: 6/6
    63 | D:1      | Reached skill level 5 in Necromancy
   264 | D:1      | Reached XP level 2. HP: 15/15 MP: 6/8
   437 | D:1      | Reached skill level 6 in Necromancy
   497 | D:1      | Reached XP level 3. HP: 19/19 MP: 6/9
   573 | D:1      | Learned a level 3 spell: Vampiric Draining
   707 | D:1      | Found Buff's Magic Scroll Shoppe.
   713 | D:1      | Bought a scroll of identify for 24 gold pieces
   713 | D:1      | Bought a scroll of noise for 12 gold pieces
  1518 | D:2      | Noticed Natasha
  1522 | D:2      | Killed Natasha
  1523 | D:2      | Reached XP level 4. HP: 24/24 MP: 5/10
  1602 | D:2      | Found Peffes's Book Shoppe.
  1647 | D:2      | Noticed Natasha
  1653 | D:2      | Killed Natasha
  1654 | D:2      | Reached skill level 7 in Necromancy
  1665 | D:2      | Learned a level 4 spell: Animate Dead
  1761 | D:2      | Found a sacrificial altar of Ru.
  1769 | D:2      | Noticed Natasha
  1773 | D:2      | Killed Natasha
  1774 | D:2      | Reached skill level 1 in Armour
  1998 | D:2      | Reached XP level 5. HP: 24/28 MP: 3/11
  2314 | D:1      | Bought a scroll of teleportation for 36 gold pieces
  2346 | D:3      | Found a snail-covered altar of Cheibriados.
  2486 | D:3      | Reached skill level 8 in Necromancy
  2551 | D:3      | Identified the +3 spear of the Desert {drain, rElec Dex+3}
  2893 | D:3      | Reached XP level 6. HP: 32/32 MP: 9/12
  2952 | D:3      | Found an ornate altar of the Wu Jian Council.
  3139 | D:3      | Found a glowing silver altar of Zin.
  3230 | D:3      | Found a faded altar of an unknown god.
  3597 | D:4      | Reached skill level 9 in Necromancy
  4402 | D:4      | Identified the +7 long sword "Wakiuwul" {vorpal, *Rage
                  | rPois Dex+6}
  4702 | D:5      | Entered Level 5 of the Dungeon
  4836 | D:5      | Reached skill level 10 in Necromancy
  4836 | D:5      | Reached XP level 7. HP: 3/36 MP: 5/13
  4837 | D:5      | Slain by a scorpion

Illustrated notes

Levels and vault maps discovered:
D:1:      amcnicky_arrival_wind_blow, layout_basic, serial_shops, shop,
          hangedman_decor_clover_reticule, minmay_parallelograms
D:2:      layout_basic, serial_shops, nicolae_shop_crystal, basic_altar,
          ebering_dispersal_statue_hall, uniq_natasha
D:3:      layout_loops_ring, pdpol_wu_jian_five_deadly_venoms,
          nicolae_overflow_hidden_temple, slow_altar_1,
          ebering_ecumenical_altar_hall
D:4:      layout_basic, nicolae_underground_beach
D:5:      layout_basic, grunt_ministairs_5, dk_vineyard_3,
          grunt_decor_one_mirror, nicolae_specific_store

Skill      XL: |  1  2  3  4  5  6 |
---------------+-------------------+-----
Necromancy     | 5 6 7 8 10 | 10.1
Armour         | 1 |  1.3
Dodging        | |  2.4
Stealth        | |  2.4
Spellcasting   | |  3.0

Action                   |  1- 3 |  4- 6 |  7- 9 || total
-------------------------+-------+-------+-------++-------
Melee: Unarmed           |     9 |       |       ||     9
       Short sword       |    12 |       |       ||    12
       Dagger            |       |    39 |       ||    39
       Long sword        |       |     5 |     2 ||     7
 Cast: Necrotise         |    53 |   116 |       ||   169
       Animate Dead      |       |     2 |       ||     2
  Use: Potion            |     2 |     8 |       ||    10
       Scroll            |     2 |     4 |       ||     6
 Stab: Sleeping          |       |     2 |       ||     2
Armor: Ring mail         |    17 |       |       ||    17
       Skin              |       |    25 |       ||    25
       Robe              |       |     8 |       ||     8
Dodge: Dodged            |    21 |    37 |     1 ||    59
